 Dungeon Crawl Stone Soup version 0.18-a0-1121-gb454403 (webtiles) character file.

67 Chiseanne the Skirmisher (level 4, -5/39 HPs)
             Began as a Centaur Air Elementalist on Jan 18, 2016.
             Slain by ater218's ghost (17 damage)
             ... on level 3 of the Dungeon.
             The game lasted 00:04:20 (3032 turns).

Chiseanne the Skirmisher (Centaur Air Elementalist) Turns: 3032, Time: 00:04:20

Health: -5/39      AC:  5    Str: 11    XL:     4   Next: 0%
Magic:  6/6        EV:  9    Int: 15    God:
Gold:   115        SH:  0    Dex:  9    Spells: 2 memorised, 3 levels left

rFire  . . .     SeeInvis .     t - +0 quarterstaff
rCold  + . .     Gourm    .     a - +0 robe
rNeg   . . .     Faith    .     (shield currently unavailable)
rPois  .         Spirit   .     (no helmet)
rElec  .         Dismiss  .     q - +0 cloak
rCorr  .         Reflect  .     (no gloves)
SustAt .         Harm     .     (no barding)
MR     .....                    (no amulet)
Stlth  +.........               (no ring)
                                f - ring of protection from cold

@: repel missiles, very quick, not resistant to hostile enchantments, very
unstealthy
A: hooves 3, deformed body, speed 2, tough skin 3
a: no special abilities


You were on level 3 of the Dungeon.
You were not hungry.

You visited 1 branch of the dungeon, and saw 3 of its levels.

You collected 115 gold pieces.

Inventory:

Hand Weapons
 l - a +0 short sword
 t - a +0 quarterstaff (weapon)
 u - a +0 battleaxe
Missiles
 d - 20 bolts
 j - 32 poisoned needles
 k - 16 arrows of flame
 r - 14 arrows
Armour
 a - a +0 robe (worn)
 q - a +0 cloak (worn)
Jewellery
 f - a ring of protection from cold (left hand)
Scrolls
 p - a scroll of recharging {unknown}
Potions
 e - a potion of cancellation
 h - 4 potions of curing
 i - a potion of brilliance
 n - a potion of magic {unknown}
 o - a potion of poison {unknown}
 v - a potion of ambrosia {unknown}
Books
 b - a book of Air

   Spells                             Type                      Level
   a - Shock                          Conjuration/Air              1
   b - Swiftness                      Charms/Air                   2
   c - Repel Missiles                 Charms/Air                   2
   d - Static Discharge               Conjuration/Air              3
   e - Lightning Bolt                 Conjuration/Air              5
Comestibles
 c - 2 bread rations
 g - a royal jelly
 m - 4 fruits
 s - 3 chunks of flesh


   Skills:
 + Level 3.6 Fighting
 - Level 1.3 Dodging
 - Level 1.2 Stealth
 - Level 1.5 Spellcasting
 - Level 0.8 Conjurations
 - Level 2.6 Air Magic


You had 3 spell levels left.
You knew the following spells:

 Your Spells              Type           Power        Failure   Level  Hunger
a - Shock                 Conj/Air       #...         12%         1    ##.....
b - Repel Missiles        Chrm/Air       #.....       21%         2    ###....


Dungeon Overview and Level Annotations

Branches:
Dungeon (3/15)

Altars:
Dithmenos
Pakellas
Yredelemnul

Annotations:
D:3 ater218's ghost, amateur HOBe


Innate Abilities, Weirdness & Mutations

You have hooves in place of feet.
Armour fits poorly on your strangely shaped body.
You cover ground very quickly.
You have extremely tough skin (AC +3).


Message History

Ater218's ghost is too close now for your liking.
Drink which item? (? for menu, Esc to quit)
Okay, then.
A giant newt comes into view.
A goblin comes into view.
The goblin shouts!
You hit ater218's ghost but do no damage.
Ater218's ghost hits you.
You hit ater218's ghost but do no damage.
Your kick misses ater218's ghost.
Ater218's ghost whispers, "Soon you will have time, lots of time..."
Ater218's ghost closely misses you.
You hit ater218's ghost. Your kick misses ater218's ghost.
Ater218's ghost is lightly damaged.
Ater218's ghost hits you!!
You hit ater218's ghost but do no damage.
Your kick misses ater218's ghost.
Ater218's ghost is lightly damaged.
Ater218's ghost hits you. Ater218's ghost hits you!
You die... #..)......# #####.....# #.....# #####.# #.# #.# #.# #.#.####### #@#........ ##W#........ bl'........

###.#.#....[...
#...#.........#
..........r.(.#
......g<......#
#......#.....?.#
....= #.......#


You could see ater218's ghost, a hobgoblin (wandering), a bat and a giant newt.

Vanquished Creatures
  2 adders
  A worm (D:3)
  2 giant geckos (D:1)
  An orc (D:3)
  2 giant cockroaches (D:2)
  3 goblins
  5 hobgoblins
  9 kobolds
  2 quokkas (D:2)
  A ball python (D:3)
  4 bats
  5 giant newts
  6 rats
43 creatures vanquished.

Notes
Turn   | Place    | Note
--------------------------------------------------------------
     0 | D:1      | Chiseanne the Centaur Air Elementalist began the quest for the Orb.
     0 | D:1      | Reached XP level 1. HP: 14/14 MP: 3/3
    86 | D:1      | Reached skill level 1 in Fighting
   202 | D:1      | Reached XP level 2. HP: 9/24 MP: 4/4
   383 | D:1      | Learned a level 2 spell: Repel Missiles
  1358 | D:2      | Found an oddly glowing altar of Pakellas.
  1501 | D:2      | Found a shadowy altar of Dithmenos.
  1514 | D:2      | Reached XP level 3. HP: 16/30 MP: 5/5
  2091 | D:2      | Reached skill level 3 in Fighting
  2470 | D:3      | Noticed ater218's ghost (amateur HOBe)
  2750 | D:3      | Found a basalt altar of Yredelemnul.
  2930 | D:3      | Reached XP level 4. HP: 27/39 MP: 6/6
  3032 | D:3      | Slain by ater218's ghost

Vault maps used:
D:1:      dpeg_arrival_rhombi, nrook_mini_backslash
D:2:      nicolae_dithmenos_shadow_blocks, serial_glass, glass_columns_b,
          glass_columns_b, first_bread, grunt_pakellas_salt
D:3:      yredelemnul_altar_generic

Action                   |  1- 3 |  4- 6 || total
-------------------------+-------+-------++-------
Melee: Club              |    41 |       ||    41
       Unarmed           |     4 |       ||     4
       Short sword       |   108 |       ||   108
       Quarterstaff      |    14 |     4 ||    18
 Cast: Shock             |     9 |       ||     9
       Repel Missiles    |     1 |       ||     1
  Use: Scroll            |     7 |       ||     7
  Eat: Chunk             |     6 |       ||     6
